Map: Oxide LE

Players

FLORENCIO - Winner!

  • Race: Zerg Zerg
  • League: Platinum
  • Spawn Location: 7:00

道可道

  • Race: Protoss Protoss
  • League: Platinum
  • Spawn Location: 1:00

VOD

Have the link to the VOD?

Description

Time

  • Played on: Feb. 8, 2021, 11:22 p.m.
  • Length: 20:41
Show
View Real Time Build Order
Export as new Build Order

FLORENCIO Zerg - Winner!

Build Orders: Pool First, Lurkers 

Get SALT Encoding   

  12  0:02  Drone  
  13  0:09  Drone  
  14  0:24  Overlord  
  14  0:43  Drone x3  
  17  0:53  Extractor  
  17  0:57  Drone, Spawning Pool  
  16  1:05  Drone  
  17  1:19  Hatchery  
  16  1:40  Hatchery  
  15  1:48  Drone x2  
  17  1:55  Drone  
  18  2:03  Metabolic Boost  
  18  2:13  Queen  
  21  2:26  Extractor  
  21  2:34  Drone  
  21  2:36  Overlord  
  22  2:40  Hatchery  
  21  2:47  Drone  
  21  2:49  Overlord, Extractor  
  21  2:53  Queen  
  23  3:14  Drone x3  
  23  3:15  Drone  
  31  3:27  Drone x6  
  33  3:38  Spore Crawler  
  32  3:45  Drone x3  
  35  3:49  Spine Crawler  
  35  3:51  Spine Crawler  
  33  3:56  Roach Warren  
  32  4:13  Burrow  
  32  4:14  Zergling x18  
  41  4:23  Zergling x2  
  42  4:30  Spine Crawler  
  41  4:32  Spine Crawler  
  40  4:44  Drone  
  40  4:45  Drone x3  
  44  4:55  Hatchery  
  43  5:06  Hatchery  
  40  5:19  Zergling x8  
  44  5:36  Overlord x3  
  44  5:37  Overlord  
  39  6:25  Drone x12  
  50  6:30  Spore Crawler x2  
  48  6:33  Lair  
  48  6:38  Hatchery  
  47  7:02  Extractor x2  
  47  7:03  Pneumatized Carapace  
  47  7:04  Overlord  
  47  7:05  Spore Crawler, Overlord x3  
  43  7:30  Roach x10  
  43  7:36  Glial Reconstitution  
  61  7:40  Overlord x3  
  63  7:44  Roach x4  
  69  7:52  Drone x2  
  69  7:54  Drone  
  72  8:00  Drone  
  72  8:01  Drone  
  72  8:03  Drone x3  
  77  8:34  Queen  
  77  8:35  Queen x2  
  83  8:44  Hydralisk Den  
  82  8:55  Tunneling Claws  
  82  8:58  Hatchery  
  82  9:00  Hatchery  
  80  9:25  Hatchery  
  80  9:26  Hydralisk x13  
  105  9:42  Nydus Network, Hydralisk  
  105  9:44  Nydus Network  
  105  9:52  Hydralisk x2  
  105  9:54  Overlord  
  109  10:12  Hydralisk x3  
  109  10:13  Hydralisk  
  117  10:20  Lurker Den  
  116  10:24  Zergling x2  
  116  10:25  Zergling x6  
  120  10:36  Drone x4  
  120  10:38  Drone  
  120  10:39  Drone  
  120  10:41  Drone  
  126  11:00  Hydralisk x3  
  126  11:01  Hydralisk  
  134  11:12  Extractor x2, Overlord  
  134  11:13  Overlord  
  132  11:19  Lurker x2  
  132  11:20  Lurker x3  
  132  11:22  Lurker  
  138  11:33  Spine Crawler  
  138  11:34  Spine Crawler  
  133  12:03  Zergling x2, Hydralisk  
  133  12:04  Hydralisk x8  
  151  12:16  Hydralisk x3  
  155  12:40  Hydralisk  
  155  12:41  Hydralisk x6  
  169  12:50  Drone x2  
  171  12:51  Drone x2  
  173  13:33  Drone, Spire  
  173  13:35  Overlord x5  
  173  13:39  Extractor, Drone  
  173  13:40  Extractor  
  172  13:57  Drone x8  
  180  14:07  Hydralisk  
  182  14:11  Lurker  
  182  14:12  Lurker x12  
  182  14:16  Overlord  
  180  14:51  Drone x5  
  175  15:31  Drone x4  
  175  15:32  Drone  
  176  15:42  Spine Crawler  
  163  15:43  Spine Crawler  
  163  15:44  Spine Crawler  
  163  15:45  Spine Crawler  
  163  15:46  Spine Crawler x3  
  163  15:47  Spine Crawler x2  
  163  15:48  Drone x3  
  156  15:50  Drone x2  
  156  16:02  Hydralisk x5  
  148  16:15  Spine Crawler  
  148  16:16  Spine Crawler  
  148  16:17  Spine Crawler x2  
  148  16:18  Spine Crawler  
  139  16:19  Spine Crawler  
  100  16:40  Corruptor x3  
  100  16:41  Corruptor x6  
  94  16:57  Drone x3  
  97  17:29  Mutalisk x7  
  99  17:30  Mutalisk  
  99  17:37  Mutalisk  
  102  17:50  Mutalisk x3  
  108  18:01  Mutalisk x3  
  112  18:28  Mutalisk x3  
  112  18:29  Mutalisk x2  
  122  18:40  Mutalisk  
  122  18:41  Mutalisk  
  120  19:02  Hatchery  
  119  19:07  Mutalisk x3  
  125  19:17  Mutalisk  
Show
View Real Time Build Order
Export as new Build Order

道可道 Protoss 

Build Orders:  

Get SALT Encoding   

  12  0:00  Probe  
  13  0:12  Probe  
  14  0:19  Pylon  
  14  0:24  Probe  
  15  0:37  Probe  
  15  0:38  Gateway  
  16  0:48  Assimilator  
  16  0:49  Probe  
  17  0:56  Pylon  
  17  1:01  Probe  
  18  1:10  Gateway  
  18  1:25  Forge  
  18  1:30  Cybernetics Core  
  18  1:32  Zealot (Chrono Boost)  
  18  1:35  Probe  
  21  1:48  Probe  
  22  2:01  Photon Cannon  
  22  2:03  Photon Cannon  
  22  2:12  Shield Battery  
  22  2:16  Pylon  
  22  2:29  Probe  
  23  2:33  Assimilator  
  23  2:39  Stalker  
  23  2:40  Warp Gate  
  25  2:50  Photon Cannon  
  25  2:53  Probe  
  26  3:03  Pylon  
  26  3:05  Probe  
  27  3:09  Sentry  
  27  3:11  Protoss Ground Weapons Level 1 (Chrono Boost)  
  29  3:17  Probe  
  30  3:41  Nexus  
  30  3:52  Stargate  
  30  3:53  Probe  
  31  4:05  Probe  
  31  4:08  Pylon  
  32  4:17  Probe  
  33  4:29  Probe  
  34  4:38  Phoenix (Chrono Boost)  
  34  4:41  Probe  
  37  4:47  Pylon  
  37  4:50  Gateway  
  37  4:53  Probe x2  
  37  4:54  Phoenix (Chrono Boost)  
  41  5:04  Photon Cannon  
  41  5:20  Zealot  
  36  5:33  Gateway  
  36  5:38  Gateway  
  36  5:39  Gateway  
  36  5:46  Stalker  
  36  5:47  Stalker  
  36  5:49  Probe  
  41  5:52  Protoss Shields Level 1 (Chrono Boost)  
  39  6:14  Stalker  
  41  6:27  Oracle  
  44  7:01  Robotics Facility  
  44  7:07  Robotics Facility  
  44  7:10  Stalker x2  
  44  7:11  Stalker x2  
  52  7:30  Nexus  
  52  7:33  Photon Cannon  
  52  7:35  Photon Cannon  
  52  7:36  Photon Cannon  
  53  7:44  Probe  
  53  7:59  Assimilator  
  53  8:01  Assimilator  
  53  8:23  Probe  
  54  8:32  Pylon  
  54  8:41  Immortal (Chrono Boost)  
  58  8:52  Immortal (Chrono Boost), Probe  
  64  9:24  Probe  
  64  9:26  Immortal x2 (Chrono Boost)  
  72  9:39  Probe  
  72  9:40  Robotics Bay  
  72  9:42  Probe  
  74  10:25  Twilight Council  
  74  10:29  Pylon  
  72  10:37  Zealot x2  
  72  10:38  Stalker  
  78  10:47  Nexus  
  78  10:50  Pylon  
  78  10:52  Pylon  
  78  10:57  Photon Cannon x2  
  78  10:59  Pylon  
  78  11:12  Charge  
  78  11:15  Colossus (Chrono Boost), Protoss Ground Weapons Level 2 (Chrono Boost)  
  78  11:18  Observer (Chrono Boost)  
  85  11:26  Extended Thermal Lance  
  85  11:28  Probe x2  
  87  11:40  Probe  
  80  12:07  Stalker x4  
  76  12:35  Colossus  
  76  12:36  Colossus  
  88  12:45  Nexus  
  88  13:24  Phoenix (Chrono Boost)  
  90  13:33  Templar Archives, Disruptor (Chrono Boost)  
  93  13:37  Disruptor (Chrono Boost)  
  93  13:38  Pylon  
  93  13:39  Pylon  
  91  13:41  Phoenix, Pylon  
  92  14:05  Disruptor (Chrono Boost)  
  92  14:06  Phoenix, Probe x2  
  92  14:07  Disruptor (Chrono Boost)  
  102  14:12  Psionic Storm  
  102  14:13  Pylon  
  102  14:18  Probe  
  102  14:19  Probe  
  104  14:30  Probe  
  105  14:31  Phoenix  
  107  14:57  Phoenix  
  103  15:22  Phoenix  
  105  15:30  Probe  
  105  15:31  Probe  
  107  15:41  Disruptor x2  
  108  15:43  Probe  
  109  16:00  Shield Battery  
  109  16:01  Shield Battery  
  109  16:02  Shield Battery  
  120  16:24  Colossus (Chrono Boost)  
  106  16:44  Stalker x2  
  106  16:45  Stalker x2  
  75  16:59  Observer  
  69  17:09  Observer (Chrono Boost)  
  68  17:30  Phoenix  
  68  17:33  Colossus  
  76  17:40  Probe x2  
  78  17:52  Probe  
  78  17:53  Probe  
  80  18:04  Probe  
  75  18:27  Nexus  
  75  18:52  Cybernetics Core  
  75  18:54  Gateway  
  75  18:55  Gateway  
  75  18:57  Probe  
  76  19:04  Void Ray  
  76  19:09  Probe  
Tags
 
Composition
Lurkers
Matchup
PvZ
Opening
Pool First
Spawn Locations
Cross Positions
Add a new tag
Caveats
  • Supply blocks, unpowered buildings, or Contaminate may cause inaccurate times.
  • Supply counts are checked every 10 seconds.